 Dungeon Crawl Stone Soup version 0.29-a0-2-g12fcac58f8 (webtiles) character file.

Game seed: 2224315988257773135

301 cyrus the Poker (level 6, 0/38 HPs)
             Began as a Tengu Berserker on Jan 27, 2022.
             Was a Believer of Trog.
             Slain by an adder (4 damage)
             ... on level 4 of the Dungeon.
             The game lasted 00:09:58 (4322 turns).

cyrus the Poker (Tengu Berserker)                   Turns: 4322, Time: 00:09:58

Health: 0/38       AC:  5    Str: 17    XL:     6   Next: 37%
Magic:  7/7        EV: 14    Int:  9    God:    Trog [**....]
Gold:   168        SH:  0    Dex: 14    Spells: 5/5 levels left

rFire   . . .      SeeInvis .   g - +0 halberd
rCold   . . .      Faith    .   (shield currently unavailable)
rNeg    . . .      Spirit   .   h - +0 ring mail
rPois   .          Reflect  .   (helmet restricted)
rElec   .          Harm     .   (no cloak)
rCorr   .          Rampage  .   (no gloves)
Will    ++...                   (boots unavailable)
Stlth   +.........              (no amulet)
HPRegen 1.12/turn               (no ring)
MPRegen 0.10/turn               (no ring)

@: lethally poisoned (0 -> 0), strong-willed, on berserk cooldown, flying
quickly and evasively, regenerating, slowed, very slow
A: beak, talons 3, nimble flight
a: Renounce Religion, Berserk, Trog's Hand


You were on level 4 of the Dungeon.
You worshipped Trog.
Trog was pleased with you.
You visited 1 branch of the dungeon, and saw 4 of its levels.
You also visited: Ossuary.

You collected 168 gold pieces.

Inventory:

Hand Weapons
 a - a +0 spear
 g - a +0 halberd (weapon)
Armour
 b - a +0 animal skin
 h - a +0 ring mail (worn)
 p - an orb of energy
Magical Staves
 q - a staff of death
Scrolls
 d - 4 scrolls of magic mapping {unknown}
 e - 2 scrolls of noise {unknown}
 f - a scroll of immolation {unknown}
 j - 3 scrolls of teleportation {unknown}
 l - a scroll of blinking {unknown}
 n - 3 scrolls of identify {unknown}
 s - 2 scrolls of brand weapon {unknown}
Potions
 c - 2 potions of berserk rage {unknown}
 i - 2 potions of magic {unknown}
 k - 3 potions of attraction {unknown}
 m - a potion of ambrosia {unknown}
 o - a potion of degeneration {unknown}
 r - a potion of brilliance {unknown}
 t - a potion of heal wounds {unknown}


   Skills:
 + Level 3.8 Fighting
 + Level 5.8 Polearms
 + Level 3.9 Armour
 + Level 3.0 Dodging
 + Level 0.9 Stealth


You had 5 spell levels left.
You didn't know any spells.
Your spell library contained the following spells:

 Spells                   Type           Power      Damage    Failure   Level
 Blade Hands              Tmut           0%         N/A       100%        5
 Irradiate                Conj/Tmut      0%         3d13      100%        5
 Dragon Form              Tmut           0%         N/A       100%        7


Dungeon Overview and Level Annotations

Branches:
Dungeon (4/15)            Ossuary (visited)
 Temple: D:4-7

Altars:

Shops:
D:2 *:


Innate Abilities, Weirdness & Mutations

You have a beak for a mouth.
You have claws for feet.
Your magical nature lets you fly swiftly and evasively.


Message History

Your peck misses the adder. The adder misses you. x2
The wyvern zombie bites you!
A red film seems to cover your vision as you go berserk!
You feel yourself moving faster!
You feel mighty! The adder bites you but does no damage.
The wyvern zombie bites you.
You feel a strong urge to attack something.
The adder bites you but does no damage. The wyvern zombie bites you!
You slash the wyvern zombie!
The wyvern zombie is moderately damaged.
The adder closely misses you. The wyvern zombie bites you.
You slash the wyvern zombie! Your kick misses the wyvern zombie.
The wyvern zombie is heavily damaged.
The adder barely misses you. The wyvern zombie bites you!
You hit the wyvern zombie. Your kick misses the wyvern zombie.
The wyvern zombie is heavily damaged.
The adder closely misses you. The wyvern zombie bites you.
* * * LOW HITPOINT WARNING * * *
You hit the wyvern zombie. You claw the wyvern zombie.
The wyvern zombie is severely damaged.
The adder misses you. The wyvern zombie misses you.
You feel a strong urge to attack something.
The adder bites you but does no damage.
You slash the wyvern zombie! You peck the wyvern zombie!
You destroy the wyvern zombie!
Trog accepts your kill. The adder closely misses you.
Your life force feels restored.
Your Dodging skill increases to level 3!
You barely miss the adder. The adder bites you.
* * * LOW HITPOINT WARNING * * *
You are poisoned.
The adder poisons you!
You are no longer berserk.
You are exhausted.
You feel yourself slow down.
You feel sick.
You feel sick.
Your skin crawls.
You feel strong-willed.
You feel sick. The adder bites you.
You die...

........########.# .....
####.##.# #.# .....
...#....# #.# ....
.######## #.# ##..#
......# #.# #... .####.#
#.####.#### .# #.#
#####.##......# .####.#
#.............#
.#....######....@S.......#
....................>....#
......######.............#
.†.......# #.............#
.....###.# #.......#######
##...# #.###.......# ##.##
#.##....##### #.#
#.##.##.# #.# #.#...#.#


You could see an adder.

Vanquished Creatures
  A scorpion (D:2)
  A wyvern zombie (D:4)
  A centaur zombie (Ossuary)
  A jelly (D:4)
  5 adders
  2 dart slugs
  7 orcs
  9 endoplasms
  A giant cockroach (D:4)
  4 goblins
  7 hobgoblins
  8 kobolds
  4 quokkas
  6 ball pythons
  A bat (D:2)
  3 frilled lizards
  2 rats
63 creatures vanquished.

Notes
Turn   | Place    | Note
-------+----------+-------------------------------------------
     0 | D:1      | cyrus the Tengu Berserker began the quest for the Orb.
     0 | D:1      | Reached XP level 1. HP: 14/14 MP: 2/2
   378 | D:1      | Reached XP level 2. HP: 19/19 MP: 3/3
  1226 | D:2      | Found a faded altar of an unknown god.
  1272 | D:2      | Found Onovidwu's General Store.
  1278 | D:2      | Reached XP level 3. HP: 21/23 MP: 4/4
  1541 | D:2      | Noticed a scorpion
  1545 | D:2      | Killed a scorpion
  1546 | D:2      | Reached skill level 4 in Polearms
  1546 | D:2      | Reached XP level 4. HP: 28/28 MP: 5/5
  1878 | D:2      | Found Ziudao's Book Boutique.
  1985 | D:3      | Reached ** piety under Trog
  2119 | D:3      | Gained mutation: Your magical nature lets you fly swiftly
                  | and evasively. [Tengu growth]
  2119 | D:3      | Reached XP level 5. HP: 30/32 MP: 6/6
  2352 | D:3      | HP: 2/48 [frozen (3)]
  2638 | D:3      | Reached skill level 5 in Polearms
  2976 | D:4      | Found a sand-covered staircase.
  2993 | Ossuary  | Entered an ossuary
  3018 | Ossuary  | HP: 1/32 [bog mummy/puff of frost (6)]
  3894 | D:4      | Reached XP level 6. HP: 8/34 MP: 7/7
  4322 | D:4      | Slain by an adder

Illustrated notes

Levels and vault maps discovered:
D:1:      minmay_arrival_four_loops, layout_basic, nrook_mini_backslash
D:2:      layout_loops_ring, serial_shops, shop, nicolae_shop_behind_doors,
          ebering_ecumenical_altar_abandoned, minmay_misc_feat_alley
D:3:      layout_loops_cross, minmay_randomly_rotated_circles
D:4:      layout_basic, temple_hall, enter_ossuary_3, interstate_on_off

Skill      XL: |  1  2  3  4  5  6 |
---------------+-------------------+-----
Polearms       | 4 5 |  5.8
Armour         | 3 |  3.9
Dodging        | 3 |  3.0
Fighting       | |  3.8
Stealth        | |  0.9

Action                   |  1- 3 |  4- 6 || total
-------------------------+-------+-------++-------
Melee: Spear             |    22 |       ||    22
       Kick              |     6 |    17 ||    23
       Halberd           |    17 |    90 ||   107
       Peck              |     6 |    13 ||    19
Invok: Berserk           |     2 |     3 ||     5
       Trog's Hand       |       |     4 ||     4
Armor: Animal skin       |     2 |       ||     2
       Ring mail         |     4 |    23 ||    27
Dodge: Dodged            |    24 |    84 ||   108

Table legend: (Time is in decaauts)
 A = Elapsed time spent in this place.
 B = Non-inter-level travel time spent in this place.
 C = Inter-level travel time spent in this place.
 D = Time resting spent in this place.
 E = Time spent auto-exploring this place.
 F = Levels seen in this place.
 G = Mean time per level.
                   A        B        C        D        E       F      G
               +--------+--------+--------+--------+--------+-----+--------+
         Total |   4291 |   4291 |      0 |   1170 |   2280 |   5 |  858.2 |
       Dungeon |   4264 |   4264 |      0 |   1170 |   2280 |   4 | 1066.0 |
       Ossuary |     27 |     27 |      0 |      0 |      0 |   1 |   27.0 |
               +--------+--------+--------+--------+--------+-----+--------+

Top non-repeatable levels by time:
     D:4: 1307 daAuts
     D:1: 1182 daAuts
     D:3: 980 daAuts
     D:2: 794 daAuts
 Ossuary: 27 daAuts
